 Dungeon Crawl Stone Soup version 0.21-a0-273-g0785366 (webtiles) character file.

241 tilp the Firebug (level 6, -1/46 HPs)
             Began as a Hill Orc Fire Elementalist on Sept 16, 2017.
             Was an Initiate of Okawaru.
             Slain by a hornet zombie (11 damage)
             ... on level 5 of the Dungeon.
             The game lasted 00:13:20 (4689 turns).

tilp the Firebug (Hill Orc Fire Elementalist)       Turns: 4689, Time: 00:13:21

Health: -1/46      AC:  3    Str: 11    XL:     6   Next: 8%
Magic:  1/9        EV: 12    Int: 17    God:    Okawaru [......]
Gold:   223        SH:  0    Dex: 11    Spells: 0/10 levels left

rFire    . . .     SeeInvis .   b - +2 hunting sling (freeze)
rCold    . . .     Gourm    .   (no shield)
rNeg     . . .     Faith    .   d - +0 robe
rPois    .         Spirit   .   A - +0 helmet
rElec    .         Reflect  .   (no cloak)
rCorr    .         Harm     .   (no gloves)
MR       .....                  (no boots)
Stlth    ++........             (no amulet)
HPRegen  0.15/turn              (no ring)
MPRegen  0.11/turn              (no ring)

@: no status effects
A: no striking features
a: Renounce Religion


You were on level 5 of the Dungeon.
You worshipped Okawaru.
Okawaru was noncommittal.
You were not hungry.

You visited 2 branches of the dungeon, and saw 6 of its levels.

You collected 223 gold pieces.

Inventory:

Hand Weapons
 a - a +0 short sword
 b - a +2 hunting sling of freezing (weapon)
 o - a +0 mace
 z - a cursed -2 whip
Missiles
 i - 8 sling bullets (quivered)
 l - 150 stones
Armour
 d - a +0 robe (worn)
 A - a +0 helmet (worn)
Jewellery
 n - a cursed -3 ring of protection {unknown}
 t - a cursed ring of teleportation {unknown}
 x - an uncursed amulet of regeneration {unknown}
Wands
 w - a wand of iceblast (9/15)
Scrolls
 k - 2 scrolls of remove curse
 m - a scroll of fear {unknown}
 q - a scroll of teleportation {unknown}
 v - a scroll of recharging {unknown}
 y - a scroll of enchant weapon {unknown}
 B - a scroll of amnesia {unknown}
 C - a scroll of blinking
 D - a scroll of random uselessness {unknown}
 E - a scroll of immolation {unknown}
Potions
 e - 5 potions of curing
 f - 2 potions of haste
 j - a potion of mutation {unknown}
 p - a potion of flight {unknown}
 s - 6 potions of heal wounds {unknown}
 u - 2 potions of brilliance {unknown}
Books
 r - a book of Flames

   Spells                             Type                      Level
   a - Flame Tongue                   Conjuration/Fire             1
   b - Throw Flame                    Conjuration/Fire             2
   c - Conjure Flame                  Conjuration/Fire             3
   d - Inner Flame                    Hexes/Fire                   3
   e - Sticky Flame                   Conjuration/Fire             4
   f - Fireball                       Conjuration/Fire             5
Comestibles
 c - 2 bread rations
 g - 5 meat rations
 h - 3 royal jellies


   Skills:
 - Level 0.5 Fighting
 - Level 0.7 Maces & Flails
 - Level 1.7 Dodging
 - Level 2.0 Stealth
 + Level 2.6 Spellcasting
 + Level 3.3 Conjurations
 + Level 4.7 Fire Magic


You couldn't memorise any spells.
You knew the following spells:

 Your Spells              Type           Power        Failure   Level  Hunger
a - Flame Tongue          Conj/Fire      ###..        3%          1    #......
b - Throw Flame           Conj/Fire      ###...       5%          2    ##.....
c - Conjure Flame         Conj/Fire      ###.....     11%         3    ###....
d - Sticky Flame          Conj/Fire      ###.....     34%         4    #####..


Dungeon Overview and Level Annotations

Branches:
Dungeon (5/15)             Temple (1/1) D:4

Altars:
Ashenzari
Cheibriados
Dithmenos
Elyvilon
Gozag
Kikubaaqudgha
Makhleb
Nemelex Xobeh
Okawaru
Ru
Sif Muna
Trog
Uskayaw
Yredelemnul
Zin

Annotations:
D:2 1 runed door


Message History

* * * LOW HITPOINT WARNING * * *
Firing (i - inventory. (,) - cycle):
i - 9 sling bullets (quivered)
Press: ? - help, Shift-Dir - straight line, f/p - hornet zombie
Aim: a hornet zombie (moderately damaged)
You shoot a sling bullet.
The sling bullet hits the hornet zombie.
The hornet zombie is heavily damaged.
The hornet zombie barely misses you. The hornet zombie hits you.
* * * LOW HITPOINT WARNING * * *
Casting: Flame Tongue
Confirm with . or Enter, or press ? or * to list all spells.
Aiming: Sticky Flame
Press: ? - help, Shift-Dir - straight line, f/p - hornet zombie
Aim: a hornet zombie (heavily damaged)
The sticky flame hits the hornet zombie.
The hornet zombie is heavily damaged.
The hornet zombie is covered in liquid flames!
The hornet zombie burns!
The hornet zombie misses you.
The hornet zombie burns!
The hornet zombie hits you!
You die...

######### ........#
........# ######
........#######....#
........<.......##.#
.....<..##########.#
####..### ## #..#
).....# #.###.##
<##...# #(#Z@.#
.##.#.# #>..###
.......# ##..#
###.#. .. #..# .#
.#.# #. .... .# .# #
.#..## .# .# ###..#
# #..# #..#


You could see a hornet zombie (burning).

Vanquished Creatures
  An ogre (D:5)
  7 adders
  A worm (D:3)
  3 dart slugs
  3 leopard geckos
  6 orcs (D:3)
  2 ball pythons
  8 giant cockroaches
  13 goblins
  6 hobgoblins
  2 jackals (D:2)
  10 kobolds
  7 bats
  2 frilled lizards
  7 rats
78 creatures vanquished.

Notes
Turn   | Place    | Note
-------+----------+-------------------------------------------
     0 | D:1      | tilp the Hill Orc Fire Elementalist began the quest for the Orb.
     0 | D:1      | Reached XP level 1. HP: 14/14 MP: 3/3
   386 | D:1      | Reached XP level 2. HP: 20/20 MP: 4/4
   394 | D:1      | Learned a level 2 spell: Throw Flame
  1074 | D:1      | Reached skill level 4 in Fire Magic
  1074 | D:1      | Reached XP level 3. HP: 19/26 MP: 0/5
  1911 | D:2      | Reached XP level 4. HP: 20/34 MP: 0/7
  2196 | D:2      | Learned a level 3 spell: Conjure Flame
  2315 | D:2      | Found a runed door.
  2756 | D:2      | Found a shattered altar of Ashenzari.
  3181 | D:2      | Reached XP level 5. HP: 39/39 MP: 1/8
  3561 | D:3      | Found a basalt altar of Yredelemnul.
  4215 | D:4      | Found a sacrificial altar of Ru.
  4314 | D:4      | Found a staircase to the Ecumenical Temple.
  4325 | Temple   | Entered the Ecumenical Temple
  4345 | Temple   | Became a worshipper of Warmaster Okawaru
  4582 | D:5      | Entered Level 5 of the Dungeon
  4584 | D:5      | Noticed an ogre
  4598 | D:5      | Killed an ogre
  4598 | D:5      | Reached XP level 6. HP: 46/46 MP: 5/9
  4604 | D:5      | Learned a level 4 spell: Sticky Flame
  4689 | D:5      | Slain by a hornet zombie

Vault maps used:
D:1:      dpeg_cavernosity, minmay_tree_intersection
D:2:      evilmike_ruin_ashenzari, uniq_crazy_yiuf_cottage
D:3:      old_standard_altar
D:4:      temple_pool_b, nicolae_ru_awakened_eye
D:5:      first_bread
Temple:   nicolae_temple_god_jail

Skill      XL: |  1  2  3  4  5 |
---------------+----------------+-----
Fire Magic     | 4 |  4.7
Spellcasting   | 2 |  2.6
Conjurations   | 2 3 |  3.3
Stealth        | 2 |  2.0
Fighting       | |  0.5
Maces & Flails | |  0.7
Dodging        | |  1.7

Action                   |  1- 3 |  4- 6 || total
-------------------------+-------+-------++-------
Melee: Short sword       |    37 |       ||    37
       Whip              |    31 |    66 ||    97
 Fire: Hunting sling     |       |    43 ||    43
 Cast: Flame Tongue      |    39 |    52 ||    91
       Throw Flame       |     4 |     8 ||    12
       Conjure Flame     |       |     2 ||     2
       Sticky Flame      |       |     1 ||     1
  Use: Scroll            |     2 |     1 ||     3
 Stab: Sleeping          |     2 |       ||     2
       Distracted        |     1 |       ||     1
  Eat: Chunk             |     4 |     6 ||    10
       Bread ration      |       |     1 ||     1
Armor: Robe              |    11 |    20 ||    31
Dodge: Dodged            |    62 |    96 ||   158

Table legend:
 A = Spawn XP
 B = Non-spawn XP
 C = Spawn XP percentage of total XP
 D = Spawn monster count
 E = Non-spawn monster count
 F = Spawn count percentage of total count
 G = Total turns spent on level
                    A         B        C        D         E        F      G
               +---------+---------+-------+---------+---------+-------+---------
         Total |       0 |     345 |   0.0 |       0 |      78 |   0.0 |  4689
               +---------+---------+-------+---------+---------+-------+---------
           D:1 |       0 |      39 |   0.0 |       0 |      20 |   0.0 |  1481
           D:2 |       0 |     130 |   0.0 |       0 |      35 |   0.0 |  2072
           D:3 |       0 |      54 |   0.0 |       0 |      20 |   0.0 |   584
           D:4 |       0 |       6 |   0.0 |       0 |       2 |   0.0 |   385
           D:5 |       0 |     116 |   0.0 |       0 |       1 |   0.0 |   107
               +---------+---------+-------+---------+---------+-------+---------
